 Dungeon Crawl Stone Soup version 0.19.0-16-g73b5abf (webtiles) character file.

190 Patchouli the Magician (level 5, 0/29 HPs)
             Began as a Deep Elf Ice Elementalist on Nov 11, 2016.
             Shot with an arrow by a centaur (17 damage)
             ... on level 5 of the Dungeon.
             The game lasted 00:10:04 (1291 turns).

Patchouli the Magician (Deep Elf Ice Elementalist)  Turns: 1291, Time: 00:10:05

Health: 0/29       AC:  9    Str:  9    XL:     5   Next: 41%
Magic:  10/14      EV: 14    Int: 21    God:
Gold:   130        SH:  0    Dex: 15    Spells: 4 memorised, 4 levels left

rFire  + . .     SeeInvis .     j - +0 short sword (curse)
rCold  . . .     Gourm    .     a - +0 robe
rNeg   + . .     Faith    .     (no shield)
rPois  .         Spirit   .     r - +0 helmet
rElec  .         Reflect  .     (no cloak)
rCorr  .         Harm     .     (no gloves)
MR     .....                    (no boots)
Stlth  ++........               (no amulet)
                                (no ring)
                                u - ring "Qyocvups" {+Inv rF+ rN+ MR- Str+4}

@: icy armour, slow
A: no striking features
a: Evoke Invisibility


You were on level 5 of the Dungeon.
You were hungry.

You visited 2 branches of the dungeon, and saw 6 of its levels.

You collected 130 gold pieces.

Inventory:

Hand Weapons
 f - a +0 club
 g - a +0 whip
 j - a cursed +0 short sword (weapon)
 p - a +0 glaive
Armour
 a - a +0 robe (worn)
 r - a +0 helmet (worn)
Jewellery
 u - the ring "Qyocvups" (left hand) {+Inv rF+ rN+ MR- Str+4}
   (You found it on level 5 of the Dungeon)

   [ring of strength]

   It affects your strength (+4).
   It protects you from fire.
   It protects you from negative energy.
   It affects your resistance to hostile enchantments.
   It lets you turn invisible.
Scrolls
 h - a scroll of recharging {unknown}
 k - 2 scrolls of remove curse {unknown}
 l - 4 scrolls of teleportation {unknown}
 m - 2 scrolls of identify {unknown}
 o - a scroll of blinking {unknown}
 q - a scroll of noise {unknown}
Potions
 d - a potion of brilliance {unknown}
 e - a potion of heal wounds
 t - a potion of invisibility {unknown}
 v - a potion of cancellation {unknown}
 w - a potion of ambrosia {unknown}
Books
 b - a book of Frost

   Spells                             Type                      Level
   a - Freeze                         Ice                          1
   b - Throw Frost                    Conjuration/Ice              2
   c - Ozocubu's Armour               Charms/Ice                   3
   d - Throw Icicle                   Conjuration/Ice              4
   e - Summon Ice Beast               Ice/Summoning                4
Comestibles
 c - 2 bread rations
 i - 2 meat rations
 n - a royal jelly
 s - 4 chunks of flesh


   Skills:
 + Level 1.4 Fighting
 + Level 3.4 Dodging
 - Level 2.4 Stealth
 * Level 5.0 Spellcasting
 + Level 1.3 Conjurations
 * Level 2.7 Charms
 * Level 1.2 Summonings
 + Level 3.7 Ice Magic
 + Level 0.0 Evocations


You had 4 spell levels left.
You knew the following spells:

 Your Spells              Type           Power        Failure   Level  Hunger
a - Freeze                Ice            ###.         1%          1    None
b - Throw Frost           Conj/Ice       ###...       8%          2    None
c - Summon Ice Beast      Ice/Summ       ###.....     41%         4    ####...
q - Ozocubu's Armour      Chrm/Ice       ###.....     10%         3    ##.....


Dungeon Overview and Level Annotations

Branches:
Dungeon (5/15)             Temple (1/1) D:5

Altars:
Cheibriados
Dithmenos
Gozag
Makhleb
Nemelex Xobeh
Okawaru
Qazlal
Ru
Uskayaw
Vehumet
Yredelemnul
Zin
The Shining One
Lugonu

Annotations:
D:4 Gottschkopf's ghost, novice MiFi


Message History

The orc hits your ice beast but does no damage.
Your ice beast barely misses the orc.
The orc hits your ice beast.
Your ice beast closely misses the orc.
The orc hits your ice beast.
Your ice beast barely misses the orc.
The orc hits your ice beast but does no damage.
Your ice beast closely misses the orc.
A centaur comes into view.
The orc completely misses your ice beast.
Your ice beast misses the orc.
The orc hits your ice beast but does no damage.
Your ice beast hits the orc.
Your ice beast freezes the orc.
The orc dies!
The orc wizard points at you and mumbles some strange words.
The magic dart hits you!
Your ice beast hits the orc but does no damage.
The orc wizard mumbles some strange words.
The orc wizard blinks!
The centaur wields a shortbow.
The centaur shoots an arrow.
The arrow hits you!
Ouch! That really hurt!
You die...

...... #.##.....#...
....)....#.##.....#...
.........#.##.....#...
#..###..#.##.......>.
###..#....#.##....†....
#..).....)..c..........
#......................
#..........oY.###......
###########...>.@..o....###<.....
#...........≈.≈(.........##......
#..........≈.≈.≈.>....o..##$.....
#..........#...#.........######.#
#..........#.≈.#.........# .#
#..........#...#.........# #
...........#.≈.#..........#
...........#...##########.#
...........#.≈.#


You could see a centaur, an orc wizard, 2 orcs and a friendly ice beast.

Vanquished Creatures
  A scorpion (D:3)
  A crimson imp (D:5)
  3 adders
  An ooze (D:2)
  2 worms
  2 dart slugs (D:2)
  4 leopard geckos (D:2)
  A ball python (D:2)
  3 giant cockroaches
  6 goblins
  2 hobgoblins (D:2)
  A jackal (D:1)
  3 quokkas
  A bat (D:2)
  3 frilled lizards (D:2)
  3 kobolds
  A quokka skeleton (D:4)
  3 rats (D:2)
41 creatures vanquished.

Vanquished Creatures (collateral kills)
  A bullfrog zombie (D:5)
  An orc (D:5)
2 creatures vanquished.

Grand Total: 43 creatures vanquished

Notes
Turn   | Place    | Note
-------+----------+-------------------------------------------
     0 | D:1      | Patchouli the Deep Elf Ice Elementalist began the quest for the Orb.
     0 | D:1      | Reached XP level 1. HP: 10/10 MP: 6/6
   142 | D:2      | Found a snail-covered altar of Cheibriados.
   159 | D:2      | Reached XP level 2. HP: 8/15 MP: 1/8
   163 | D:2      | Learned a level 2 spell: Throw Frost
   292 | D:2      | Found a burning altar of Makhleb.
   292 | D:2      | Noticed an Executioner
   343 | D:2      | Reached skill level 1 in Fighting
   412 | D:2      | Reached XP level 3. HP: 8/20 MP: 7/10
   432 | D:2      | Found a glowing silver altar of Zin.
   483 | D:2      | Reached skill level 4 in Spellcasting
   500 | D:2      | Learned a level 3 spell: Ozocubu's Armour
   643 | D:3      | Noticed a scorpion
   785 | D:3      | Killed a scorpion
   785 | D:3      | Reached skill level 1 in Charms
   785 | D:3      | Reached XP level 4. HP: 19/25 MP: 4/12
   796 | D:3      | Learned a level 4 spell: Summon Ice Beast
   941 | D:3      | Found an iron altar of Okawaru.
  1060 | D:4      | Noticed Gottschkopf's ghost (novice MiFi)
  1073 | D:4      | Found a basalt altar of Yredelemnul.
  1117 | D:5      | Entered Level 5 of the Dungeon
  1138 | D:5      | Reached XP level 5. HP: 29/29 MP: 9/14
  1173 | D:5      | Got a transparent marble ring
  1174 | D:5      | Identified the ring "Qyocvups" {+Inv rF+ rN+ MR- Str+4} (You found it on level 5 of the Dungeon)
  1187 | D:5      | Found a staircase to the Ecumenical Temple.
  1197 | D:5      | Found a sacrificial altar of Ru.
  1216 | Temple   | Entered the Ecumenical Temple
  1274 | D:5      | Reached skill level 5 in Spellcasting
  1274 | D:5      | Reached skill level 1 in Summonings
  1284 | D:5      | Noticed a centaur
  1291 | D:5      | Shot with an arrow by a centaur

Skill      XL: |  1  2  3  4  5 |
---------------+----------------+-----
Fighting       | 1 |  1.4
Spellcasting   | 4 5 |  5.0
Dodging        | 3 |  3.4
Charms         | 1 2 |  2.7
Summonings     | 1 |  1.2
Stealth        | |  2.4
Conjurations   | |  1.3
Ice Magic      | |  3.7

Action                   |  1- 3 |  4- 6 || total
-------------------------+-------+-------++-------
Melee: Short sword       |       |    14 ||    14
 Cast: Freeze            |    51 |    23 ||    74
       Ozocubu's Armour  |     2 |     2 ||     4
       Throw Frost       |     1 |     2 ||     3
       Summon Ice Beast  |       |     1 ||     1
  Use: Potion            |       |     2 ||     2
 Stab: Sleeping          |       |     1 ||     1
  Eat: Chunk             |       |     1 ||     1
Armor: Robe              |     7 |     7 ||    14
Dodge: Dodged            |    13 |    18 ||    31
